[Event "January 9 Late 2024"]
[Site "https://www.chess.com"]
[Date "2024.01.09"]
[Round "5"]
[White "D`Arruda, Ricardo D."]
[Black "Palmer, Reegan"]
[Result "1-0"]
[Board "173"]
[TimeControl "180+1"]
[WhiteFideId "100692"]
[BlackFideId "14322145"]
[WhiteElo "2474"]
[BlackElo "2218"]
[WhiteTeam "ARG"]
[BlackTeam "RSA"]
[WhiteClock "0:00:52"]
[BlackClock "0:00:06"]

1. Nf3 c5 2. c4 Nc6 3. Nc3 g6 4. g3 Bg7 5. Bg2 e5 6. O-O d6 7. e3 Nge7 8. d4 exd4 9. exd4 cxd4 10. Nb5 d5 11. cxd5 Nxd5 12. Re1+ Be6 13. Nfxd4 Nxd4 14. Nxd4 O-O 15. Nxe6 fxe6 16. Rxe6 Nc7 17. Re1 Bd4 18. Be3 Bxe3 19. Qb3+ Kg7 20. Qxe3 Rb8 21. Qxa7 Qf6 22. Rad1 Nb5 23. Qc5 Rbc8 24. Qxb5 Qxf2+ 25. Kh1 Rc2 26. Qxb7+ Kh6 27. Rf1 Qe2 28. Rxf8 Qxd1+ 29. Rf1 Qe2 30. Qf3 Qxf3 31. Bxf3 Rxb2 32. Ra1 Kg5 33. a4 h5 34. a5 h4 35. gxh4+ Kf4 36. Bg2 Ke3 37. a6 Kf4 38. a7 Ra2 39. Rxa2 g5 40. a8=Q Kg4 41. Qf3+ Kxh4 42. Qh3# 1-0

[Event "January 9 Late 2024"]
[Site "https://www.chess.com"]
[Date "2024.01.09"]
[Round "5"]
[White "Sroczynski, Maciej"]
[Black "Cardozo Munar, Carlos Eduardo"]
[Result "1-0"]
[Board "174"]
[TimeControl "180+1"]
[WhiteFideId "1121472"]
[BlackFideId "4409477"]
[WhiteElo "2437"]
[BlackElo "2217"]
[WhiteTeam "POL"]
[BlackTeam "COL"]
[WhiteClock "0:00:59"]
[BlackClock "0:00:01"]

1. d4 d5 2. Nc3 Nf6 3. Bg5 Bf5 4. f3 Nbd7 5. g4 Bg6 6. h4 h6 7. Bf4 c6 8. h5 Bh7 9. e3 Qb6 10. Rb1 O-O-O 11. Bd3 e5 12. dxe5 Nxe5 13. Bxh7 Nxh7 14. Bxe5 Qxe3+ 15. Qe2 Qxe2+ 16. Ngxe2 Ng5 17. Kf2 f6 18. Bf4 Re8 19. Be3 Bd6 20. Nd4 Bg3+ 21. Kxg3 Rxe3 22. Rhe1 Rhe8 23. Rxe3 Rxe3 24. Kf2 Re7 25. Nf5 Rd7 26. Re1 Kc7 27. Re8 a6 28. Ne2 a5 29. Nf4 a4 30. Ne6+ Nxe6 31. Rxe6 b5 32. Re7 Rxe7 33. Nxe7 Kd6 34. Nf5+ Ke5 35. Nxg7 c5 36. Nf5 c4 37. c3 Kf4 38. a3 Ke5 39. Ke3 Ke6 40. Nxh6 Kd6 41. Kd4 1-0

[Event "January 9 Late 2024"]
[Site "https://www.chess.com"]
[Date "2024.01.09"]
[Round "5"]
[White "Sailer, Mike"]
[Black "Blanco Diez, David"]
[Result "0-1"]
[Board "175"]
[TimeControl "180+1"]
[WhiteFideId "2012901"]
[BlackFideId "32032927"]
[WhiteElo "2213"]
[BlackElo "2433"]
[WhiteTeam "USA"]
[BlackTeam "ESP"]
[WhiteClock "0:00:12"]
[BlackClock "0:00:18"]

1. d4 Nf6 2. Bg5 Ne4 3. Bf4 d5 4. f3 Nf6 5. Nc3 c6 6. Qd2 Qa5 7. e3 e6 8. Bd3 b6 9. Nge2 Ba6 10. O-O Bxd3 11. cxd3 Nbd7 12. h3 c5 13. dxc5 Bxc5 14. d4 Be7 15. Nc1 O-O 16. Nd3 Rac8 17. a3 b5 18. b4 Qb6 19. Nc5 Qc6 20. Qd3 a6 21. a4 Nxc5 22. bxc5 b4 23. Nb1 a5 24. Nd2 Nd7 25. Nb3 Ra8 26. e4 dxe4 27. fxe4 e5 28. Be3 exd4 29. Bxd4 Nxc5 30. Nxc5 Bxc5 31. Kh1 Bxd4 32. Qxd4 Rfd8 33. Qe5 Re8 34. Qd5 Qxd5 35. exd5 Rad8 36. Rf5 Rd6 37. Rc1 g6 38. Rg5 h6 39. Rc6 Rxc6 40. dxc6 hxg5 0-1

[Event "January 9 Late 2024"]
[Site "https://www.chess.com"]
[Date "2024.01.09"]
[Round "5"]
[White "Varela La Madrid, Maria"]
[Black "Sukandar, Irine Kharisma"]
[Result "0-1"]
[Board "176"]
[TimeControl "180+1"]
[WhiteFideId "3903346"]
[BlackFideId "7101937"]
[WhiteElo "2179"]
[BlackElo "2433"]
[WhiteTeam "VEN"]
[BlackTeam "INA"]
[WhiteClock "0:00:00"]
[BlackClock "0:00:03"]

1. d4 Nf6 2. c4 b6 3. Nc3 Bb7 4. Qc2 d5 5. cxd5 Nxd5 6. Nf3 g6 7. Bd2 Bg7 8. e4 Nxc3 9. Bxc3 O-O 10. h4 h5 11. Bc4 Nd7 12. O-O Nf6 13. Rfe1 e6 14. Rad1 Ng4 15. Bb4 Re8 16. d5 exd5 17. Bxd5 Bxd5 18. Rxd5 Qc8 19. Bc3 c6 20. Rdd1 Bxc3 21. Qxc3 Qe6 22. b3 Rad8 23. Ng5 Qe7 24. f3 Ne5 25. g3 c5 26. Kg2 Rd6 27. Nh3 Red8 28. Rxd6 Qxd6 29. Nf4 Qd2+ 30. Qxd2 Rxd2+ 31. Re2 Rd1 32. Nd5 Rd3 33. Nf4 Rxf3 34. Nd5 Rd3 35. Rf2 Kg7 36. Nc7 Ng4 37. Rf4 Rd2+ 38. Kf1 Rxa2 39. Ne8+ Kg8 40. Nd6 Ne3+ 41. Kg1 Ra1+ 42. Kh2 Ng4+ 43. Kg2 Ra2+ 44. Kg1 f6 45. e5 fxe5 46. Rf7 Rd2 47. Rd7 e4 48. Rd8+ Kh7 49. Rd7+ Kg8 50. Rd8+ Kg7 51. Ne8+ Kf7 52. Rxd2 Kxe8 53. Rd6 Kf7 0-1

[Event "January 9 Late 2024"]
[Site "https://www.chess.com"]
[Date "2024.01.10"]
[Round "5"]
[White "Glashausser, Sho"]
[Black "Goncalves, Samuel Jesus P"]
[Result "1-0"]
[Board "177"]
[TimeControl "180+1"]
[WhiteFideId "30908329"]
[BlackFideId "1945130"]
[WhiteElo "2178"]
[BlackElo "2417"]
[WhiteTeam "USA"]
[BlackTeam "POR"]
[WhiteClock "0:00:07"]
[BlackClock "0:00:13"]

1. Nf3 Nf6 2. g3 b5 3. Bg2 Bb7 4. O-O e6 5. d3 d5 6. c4 bxc4 7. dxc4 Be7 8. Qb3 Qc8 9. Ne5 O-O 10. Nc3 c6 11. Rd1 Nbd7 12. Nxd7 Nxd7 13. e4 Nc5 14. Qc2 dxc4 15. Be3 Nd3 16. Ne2 Ba6 17. f4 Rb8 18. Rab1 c5 19. e5 Rd8 20. Be4 Nb4 21. Qa4 Nd5 22. Bf2 Bb5 23. Qa3 Qc7 24. Nc3 Nxc3 25. Qxc3 a6 26. Qc2 Qa5 27. Bxh7+ Kf8 28. Be4 Qxa2 29. Bf3 Qb3 30. Qh7 Ke8 31. Qg8+ Bf8 32. Bxc5 Rd6 33. Bxd6 Qe3+ 34. Kg2 Kd7 35. Qxf7+ Kc8 36. Qxf8+ Kd7 37. Qe7+ Kc8 38. Qc7# 1-0

[Event "January 9 Late 2024"]
[Site "https://www.chess.com"]
[Date "2024.01.09"]
[Round "5"]
[White "Rubio Tent, Francisco"]
[Black "Ivanov, Aleksandr"]
[Result "1-0"]
[Board "178"]
[TimeControl "180+1"]
[WhiteFideId "2238233"]
[BlackFideId "2092980"]
[WhiteElo "2416"]
[BlackElo "2159"]
[WhiteTeam "ESP"]
[BlackTeam "USA"]
[WhiteClock "0:00:04"]
[BlackClock "0:00:00"]

1. d4 d5 2. Bf4 e6 3. e3 Nf6 4. Bd3 Bd6 5. Bg3 O-O 6. Nd2 b6 7. Qe2 Bb7 8. Ngf3 Nc6 9. c3 Ne7 10. e4 dxe4 11. Nxe4 Nxe4 12. Bxe4 Bxe4 13. Qxe4 c5 14. Rd1 cxd4 15. Rxd4 Nd5 16. c4 Nf6 17. Qb7 Bb4+ 18. Ke2 Qc8 19. Qxc8 Rfxc8 20. Rhd1 h6 21. Ne5 Bc5 22. R4d3 Be7 23. b3 Ne4 24. Rd7 Re8 25. R7d3 Nc5 26. R3d2 Bg5 27. f4 Bf6 28. Nd7 Be7 29. Nxc5 Bxc5 30. Bf2 Bb4 31. Rd7 Kf8 32. Kf3 Re7 33. g4 Ke8 34. Rxe7+ Kxe7 35. Ke4 Rd8 36. Bh4+ f6 37. Rxd8 Kxd8 38. f5 Ke7 39. Bg3 Ba3 40. Bb8 a6 41. Ba7 Bc5 42. a4 a5 43. Bb8 e5 44. Kd5 Kd7 45. h4 Bf2 46. g5 Bxh4 47. gxh6 gxh6 48. c5 bxc5 49. Kxc5 Be1 50. Kd5 Bb4 51. Ba7 h5 52. Bf2 Ba3 53. Bh4 Be7 54. Kc4 Bd8 55. Kb5 Kd6 56. Kc4 Kc6 57. b4 1-0

[Event "January 9 Late 2024"]
[Site "https://www.chess.com"]
[Date "2024.01.09"]
[Round "5"]
[White "Vila Dupla, Aurelio"]
[Black "Storn, Justin"]
[Result "0-1"]
[Board "179"]
[TimeControl "180+1"]
[WhiteFideId "2203383"]
[BlackFideId "30922720"]
[WhiteElo "2174"]
[BlackElo "2414"]
[WhiteTeam "ESP"]
[BlackTeam "USA"]
[WhiteClock "0:00:11"]
[BlackClock "0:00:32"]

1. Nf3 d5 2. d4 Nf6 3. c4 e6 4. cxd5 exd5 5. Nc3 Nbd7 6. Bg5 Bb4 7. e3 h6 8. Bxf6 Qxf6 9. Bd3 c6 10. O-O O-O 11. Rc1 Re8 12. a3 Bd6 13. b4 a6 14. Na4 b5 15. Nc3 a5 16. Qb3 Nb6 17. e4 Bf4 18. Rce1 Bg4 19. e5 Qe7 20. Be2 Nc4 21. bxa5 Bxf3 22. Bxf3 Nd2 23. Qb4 Nxf3+ 24. gxf3 Qg5+ 0-1

[Event "January 9 Late 2024"]
[Site "https://www.chess.com"]
[Date "2024.01.09"]
[Round "5"]
[White "Poddubnyi, Viktor"]
[Black "Ottosen, David"]
[Result "0-1"]
[Board "180"]
[TimeControl "180+1"]
[WhiteFideId "4141989"]
[BlackFideId "2603080"]
[WhiteElo "2411"]
[BlackElo "2144"]
[WhiteTeam "RUS"]
[BlackTeam "CAN"]
[WhiteClock "0:00:14"]
[BlackClock "0:02:01"]

1. e4 e6 2. d4 d5 3. Nd2 Be7 4. Ngf3 Nf6 5. e5 Nfd7 6. Bd3 c5 7. c3 Nc6 8. O-O g5 9. b3 g4 10. Ne1 cxd4 11. cxd4 h5 12. Bb2 Bg5 13. f4 gxf3 14. Ndxf3 Be3+ 15. Kh1 h4 16. Qe2 Bf4 17. Bc1 Bxc1 18. Rxc1 Nf8 19. Qf2 Qe7 20. Bb5 Bd7 21. Nd3 h3 22. gxh3 Rxh3 23. Ng5 Qxg5 24. Qxf7+ Kd8 25. Qxf8+ Kc7 26. Qd6+ Kb6 27. Qc5+ Kc7 28. Bxc6 Rxh2+ 0-1

[Event "January 9 Late 2024"]
[Site "https://www.chess.com"]
[Date "2024.01.09"]
[Round "5"]
[White "Petersson, Kjell"]
[Black "Meduri, Aakaash"]
[Result "1/2-1/2"]
[Board "181"]
[TimeControl "180+1"]
[WhiteFideId "1705148"]
[BlackFideId "2032252"]
[WhiteElo "2143"]
[BlackElo "2408"]
[WhiteTeam "SWE"]
[BlackTeam "USA"]
[WhiteClock "0:00:16"]
[BlackClock "0:00:04"]

1. d4 f5 2. e4 fxe4 3. Nc3 Nf6 4. Bg5 b6 5. Bxf6 exf6 6. Qh5+ g6 7. Qd5 c6 8. Qxe4+ Qe7 9. O-O-O Qxe4 10. Nxe4 f5 11. Ng5 Be7 12. h4 h6 13. N5f3 Kf7 14. Ne5+ Kg7 15. f3 d6 16. Nd3 Bf6 17. Ne2 Na6 18. g4 fxg4 19. fxg4 Bxg4 20. c3 Nc7 21. Re1 Rae8 22. Rg1 h5 23. Nf2 Bxe2 24. Rxe2 Bxh4 25. Nh3 Nd5 26. Reg2 g5 27. Nxg5 Nf4 28. Ne6+ Kf6 29. Nxf4 Kf5 30. Nd3 Bf6 31. Be2 h4 32. Rf1+ Ke6 33. Rg6 Ref8 34. Bg4+ Ke7 35. Rh1 Rhg8 36. Nf4 Bg5 37. Rxg8 Bxf4+ 38. Kc2 Rxg8 39. Rxh4 Rg7 40. Bf3 Bg3 41. Rg4 Rxg4 42. Bxg4 Kf6 43. Kd3 Kg5 44. Bd7 c5 45. dxc5 dxc5 46. Kc4 Kf4 47. Kb5 Ke3 48. Ka6 Kd2 49. Kxa7 Bc7 50. Kb7 Bd8 51. Kc8 Be7 52. Kc7 b5 53. Kc6 b4 54. a4 bxc3 55. bxc3 c4 56. a5 Bg5 57. a6 Be3 58. Be6 Kxc3 59. Kb7 Kb4 60. Bxc4 Kxc4 61. a7 Bxa7 1/2-1/2

[Event "January 9 Late 2024"]
[Site "https://www.chess.com"]
[Date "2024.01.09"]
[Round "5"]
[White "Rees, Ioan"]
[Black "Aung Thant Zin"]
[Result "0-1"]
[Board "182"]
[TimeControl "180+1"]
[WhiteFideId "1801236"]
[BlackFideId "13000063"]
[WhiteElo "2397"]
[BlackElo "2141"]
[WhiteTeam "WLS"]
[BlackTeam "MYA"]
[WhiteClock "0:00:00"]
[BlackClock "0:00:07"]

1. Nf3 d5 2. c4 e6 3. d4 Nf6 4. Bg5 Be7 5. e3 Ne4 6. Bxe7 Qxe7 7. Nc3 f5 8. Bd3 O-O 9. Qc2 c6 10. O-O Nd7 11. Ne2 Ndf6 12. Ne5 Bd7 13. f3 Nd6 14. c5 Nf7 15. f4 Be8 16. b4 Nxe5 17. dxe5 Nd7 18. Nd4 Kh8 19. a4 Rg8 20. Rfc1 g5 21. b5 Nf8 22. g3 Ng6 23. Qf2 Rc8 24. Rab1 gxf4 25. exf4 cxb5 26. axb5 Rxc5 27. Rxc5 Qxc5 28. Nxe6 Qc3 29. Bxf5 Nh4 30. Bh3 Nf3+ 31. Kh1 Nd2 32. Rd1 Ne4 33. Qf1 Bxb5 34. Qg1 Qf3+ 35. Bg2 Nf2+ 36. Qxf2 Qxf2 37. Ng5 Be2 38. Rc1 Qb6 39. e6 h6 40. Nf7+ Kg7 41. Bxd5 Re8 42. Ne5 Rxe6 43. Bxe6 Bb5 44. Bd5 Bc6 45. Bxc6 bxc6 46. Rxc6 Qb1+ 47. Kg2 Qa1 48. Rc7+ Kf6 49. Rf7+ Ke6 50. Kh3 a5 51. Rh7 Qf1+ 52. Kh4 Qg2 53. Rxh6+ Kf5 54. h3 Qf2 55. Ra6 Qe1 56. Ra7 Ke4 57. Nc6 Kd5 58. Nxa5 Qf2 59. Rg7 Qb2 0-1

[Event "January 9 Late 2024"]
[Site "https://www.chess.com"]
[Date "2024.01.09"]
[Round "5"]
[White "Harrington, Steve"]
[Black "Stachanczyk, Jacek"]
[Result "0-1"]
[Board "183"]
[TimeControl "180+1"]
[WhiteFideId "2038730"]
[BlackFideId "1116657"]
[WhiteElo "2141"]
[BlackElo "2392"]
[WhiteTeam "USA"]
[BlackTeam "POL"]
[WhiteClock "0:00:18"]
[BlackClock "0:00:43"]

1. e4 e5 2. Nc3 Nf6 3. f4 d5 4. fxe5 Nxe4 5. d3 Nxc3 6. bxc3 c5 7. d4 Nc6 8. Nf3 c4 9. Be2 Be7 10. O-O O-O 11. Kh1 f6 12. a4 fxe5 13. Nxe5 Rxf1+ 14. Bxf1 Nxe5 15. dxe5 Be6 16. Be3 Bg5 17. a5 Bxe3 18. Qf3 Bc5 19. Rd1 Qe7 20. g3 Rf8 21. Qe2 Rf2 22. Qh5 d4 23. Bg2 d3 24. cxd3 cxd3 25. Rxd3 g6 26. Qd1 Kg7 27. Rd8 Ra2 28. Rb8 Rxg2 29. Kxg2 Bd7 30. Rxb7 Bc6+ 0-1

[Event "January 9 Late 2024"]
[Site "https://www.chess.com"]
[Date "2024.01.09"]
[Round "5"]
[White "Ghosh, Chanchal Kumer"]
[Black "Semenenko, Dmytry"]
[Result "0-1"]
[Board "184"]
[TimeControl "180+1"]
[WhiteFideId "10201858"]
[BlackFideId "14118645"]
[WhiteElo "2114"]
[BlackElo "2367"]
[WhiteTeam "BAN"]
[BlackTeam "UKR"]
[WhiteClock "0:00:00"]
[BlackClock "0:01:14"]

1. e4 Nf6 2. Nc3 d5 3. exd5 Nxd5 4. Nxd5 Qxd5 5. Nf3 Nc6 6. d4 Bg4 7. Be2 O-O-O 8. c3 e5 9. dxe5 Qe4 10. Qb3 Nxe5 11. Be3 Nxf3+ 12. gxf3 Bxf3 13. Bxf3 Qxf3 14. Rg1 Re8 15. Qa4 Rxe3+ 16. fxe3 Qxe3+ 17. Kf1 Bc5 18. Qg4+ f5 19. Qxf5+ Kb8 20. Rg3 Qe7 21. Rf3 b6 22. Re1 Qh4 23. Qh3 Qc4+ 24. Kg2 Qxa2 25. Re2 Qc4 26. Qe6 Qh4 27. Rg3 Rf8 28. h3 Qf4 29. Qe8+ Rxe8 30. Rxe8+ Kb7 31. Rf3 Qd2+ 32. Kg3 Qd6+ 0-1

[Event "January 9 Late 2024"]
[Site "https://www.chess.com"]
[Date "2024.01.09"]
[Round "5"]
[White "Yushko, Olga"]
[Black "Gerbelli Neto, Eduardo"]
[Result "0-1"]
[Board "185"]
[TimeControl "180+1"]
[WhiteFideId "14114500"]
[BlackFideId "2103281"]
[WhiteElo "2114"]
[BlackElo "2359"]
[WhiteTeam "UKR"]
[BlackTeam "BRA"]
[WhiteClock "0:00:07"]
[BlackClock "0:00:19"]

1. d4 d5 2. c4 c6 3. cxd5 cxd5 4. Nc3 Nf6 5. Nf3 Nc6 6. Bf4 Bf5 7. e3 e6 8. Bd3 Bg6 9. O-O Be7 10. Re1 O-O 11. Ne5 Nxe5 12. Bxe5 a6 13. Na4 b5 14. Nc5 Nd7 15. Nxd7 Qxd7 16. Rc1 Rfc8 17. Qb3 Bxd3 18. Qxd3 Rc4 19. b3 Rc6 20. h3 Ba3 21. Rxc6 Qxc6 22. e4 Rc8 23. Qg3 Bf8 24. exd5 exd5 25. Qg4 Re8 26. Re2 f6 27. Bg3 g6 28. Qf3 Re4 29. Rxe4 dxe4 30. Qf4 Kf7 31. Qb8 Be7 32. Qc7 Qxc7 33. Bxc7 Ke6 34. Kf1 Kd5 35. Bb6 f5 36. Ke2 g5 37. g3 f4 38. gxf4 gxf4 39. Bc7 f3+ 40. Kd2 Kxd4 41. Bb6+ Bc5 42. Bd8 Bb4+ 43. Kc2 Bc5 44. Kd2 e3+ 45. fxe3+ Ke4 46. Bg5 Bb4+ 47. Kd1 f2 48. Ke2 Be1 49. Bh4 f1=Q+ 50. Kxf1 Bxh4 51. Ke2 Bg5 52. a4 Bxe3 53. axb5 axb5 54. h4 b4 55. h5 h6 56. Ke1 Kd3 57. Kd1 Kc3 58. Ke2 Kxb3 59. Kxe3 Kc2 60. Ke4 b3 61. Kf5 b2 62. Kg6 b1=Q 63. Kxh6 Qb6+ 64. Kg7 Qc7+ 65. Kg6 Qd6+ 66. Kg7 Qe7+ 67. Kg6 Qe8+ 68. Kh6 Qh8+ 69. Kg6 Kd3 70. h6 Ke4 71. h7 Ke5 72. Kh6 Kf6 0-1

[Event "January 9 Late 2024"]
[Site "https://www.chess.com"]
[Date "2024.01.10"]
[Round "5"]
[White "Doluhanova, Evgeniya"]
[Black "Mena, Martin"]
[Result "1/2-1/2"]
[Board "186"]
[TimeControl "180+1"]
[WhiteFideId "14112035"]
[BlackFideId "10651225"]
[WhiteElo "2347"]
[BlackElo "2087"]
[WhiteTeam "UKR"]
[BlackTeam "EGY"]
[WhiteClock "0:01:55"]
[BlackClock "0:00:08"]

1. Nf3 d5 2. g3 Nf6 3. Bg2 e6 4. O-O Be7 5. c4 O-O 6. cxd5 exd5 7. Nc3 c5 8. e3 Nc6 9. d4 Bg4 10. dxc5 Bxc5 11. h3 Bxf3 12. Qxf3 d4 13. Ne4 Nxe4 14. Qxe4 dxe3 15. Bxe3 Bxe3 16. Qxe3 Re8 17. Qb3 Qb6 18. Qxb6 axb6 19. a3 Re2 20. Rfe1 Rxb2 21. Reb1 Rxb1+ 22. Rxb1 Ra6 23. Rc1 b5 24. Rb1 Rb6 25. f4 g6 26. Kf2 Nd4 27. Rb4 Nc2 28. Rb3 b4 29. Be4 Nxa3 30. Ke3 Nc4+ 31. Kd4 Nd2 32. Rb2 Nxe4 33. Kxe4 b3 34. Kd5 Kg7 35. Kc5 Rc6+ 36. Kd4 Rd6+ 37. Kc4 Rc6+ 38. Kd4 Rb6 39. Kc5 Rc6+ 40. Kd4 1/2-1/2

[Event "January 9 Late 2024"]
[Site "https://www.chess.com"]
[Date "2024.01.09"]
[Round "5"]
[White "Bernat, David"]
[Black "Keuchel, Destynn"]
[Result "1-0"]
[Board "187"]
[TimeControl "180+1"]
[WhiteFideId "2099225"]
[BlackFideId "30923018"]
[WhiteElo "2346"]
[BlackElo "2081"]
[WhiteTeam "USA"]
[BlackTeam "USA"]
[WhiteClock "0:02:10"]
[BlackClock "0:01:51"]

1. c4 Nf6 2. Nc3 e6 3. e4 Bb4 4. e5 Bxc3 5. bxc3 Ne4 6. d3 Nc5 7. d4 Nca6 8. Qg4 Kf8 9. Bg5 h5 10. Qh4 Qe8 11. g4 d6 12. gxh5 dxe5 13. h6 g6 14. h7 1-0

[Event "January 9 Late 2024"]
[Site "https://www.chess.com"]
[Date "2024.01.09"]
[Round "5"]
[White "Dias, Joao Batista"]
[Black "Filipovic, Slobodan J"]
[Result "0-1"]
[Board "189"]
[TimeControl "180+1"]
[WhiteFideId "2108240"]
[BlackFideId "939633"]
[WhiteElo "2056"]
[BlackElo "2345"]
[WhiteTeam "BRA"]
[BlackTeam "SRB"]
[WhiteClock "0:00:00"]
[BlackClock "0:00:20"]

1. e4 c5 2. Nf3 Nc6 3. d4 cxd4 4. Nxd4 e5 5. Nxc6 bxc6 6. Bd3 Bc5 7. O-O Nf6 8. b3 d6 9. Bb2 Ng4 10. Qf3 Qh4 11. Qg3 Qxg3 12. hxg3 h5 13. Nc3 h4 14. gxh4 Rxh4 15. Na4 Bb4 16. Bc3 Bxc3 17. Nxc3 Be6 18. f3 Nf6 19. Kf2 Ke7 20. Rh1 Rah8 21. Rxh4 Rxh4 22. Kg3 Rh6 23. Ne2 g5 24. c4 Nh5+ 25. Kf2 Nf4 26. Nxf4 gxf4 27. b4 Rh2 28. Kg1 Rh8 29. a4 Rg8 30. Kf2 Rh8 31. b5 c5 32. a5 Rb8 33. Rb1 Kd7 34. Rh1 Ke7 35. Rb1 Rh8 36. b6 axb6 37. axb6 Rb8 38. Bc2 Bd7 39. g3 fxg3+ 40. Kxg3 Bc6 41. f4 f6 42. fxe5 fxe5 43. Kf3 Rg8 44. Bd3 Rf8+ 45. Ke3 Rb8 46. Be2 Kd7 47. Bg4+ Ke7 48. Rb2 Bd7 49. Bf3 Bc6 50. Bg4 Kd8 51. Be6 Rb7 52. Bd5 Kd7 53. Kf3 Rb8 54. Kg4 Bb7 55. Kf5 Rf8+ 56. Kg6 Rb8 57. Kf7 Bc6 58. Be6+ Kd8 59. Bd5 Kd7 60. Be6+ Kd8 61. Bd5 Bxd5+ 62. exd5 Kd7 63. Kf6 Rf8+ 64. Kg7 Rb8 65. Kf7 Rb7 66. Kf6 Rb8 67. Kf7 e4 68. Kf6 e3 69. Kf5 Re8 70. b7 Kc7 71. Kf4 e2 72. b8=Q+ Rxb8 73. Rxe2 Rb3 74. Rc2 Rd3 75. Ke4 Rd4+ 76. Ke3 Kd7 77. Rc1 Rh4 78. Rc2 Kc7 79. Rc1 Kb6 80. Rb1+ Ka5 81. Kd3 Ka4 82. Kc3 Rh3+ 83. Kc2 Ka3 84. Rb6 Ka4 85. Rxd6 Kb4 86. Rc6 Kxc4 87. d6 Rh2+ 88. Kd1 Rh4 89. Ke1 Rd4 90. Ke2 Kb5 91. Rc7 Rxd6 92. Rb7+ Kc4 93. Ke3 Kc3 94. Rc7 c4 95. Ke2 Kb3 96. Rb7+ Kc2 97. Ke3 c3 98. Rc7 Kb1 99. Rb7+ Kc2 100. Rc7 Kb2 101. Rb7+ Kc1 102. Rc7 c2 103. Ke2 Rd5 104. Ke3 Kb1 105. Rb7+ Kc1 106. Rc7 Rd1 107. Ke2 Kb1 108. Rb7+ Ka2 109. Ra7+ Kb3 110. Rb7+ Ka4 111. Ra7+ Kb5 112. Rb7+ Ka6 113. Rc7 c1=Q 0-1

[Event "January 9 Late 2024"]
[Site "https://www.chess.com"]
[Date "2024.01.09"]
[Round "5"]
[White "Mesa Cruz, Juan Carlos"]
[Black "Panico, Nick"]
[Result "1-0"]
[Board "190"]
[TimeControl "180+1"]
[WhiteFideId "6423400"]
[BlackFideId "2026724"]
[WhiteElo "2342"]
[BlackElo "2046"]
[WhiteTeam "DOM"]
[BlackTeam "USA"]
[WhiteClock "0:00:25"]
[BlackClock "0:00:05"]

1. e4 e6 2. Qe2 Be7 3. d3 d5 4. Nf3 Nf6 5. Nbd2 O-O 6. g3 b6 7. e5 Nfd7 8. Bg2 c5 9. O-O Nc6 10. Re1 f6 11. exf6 Nxf6 12. Nf1 Bd6 13. c4 Re8 14. b3 Qc7 15. Ng5 h6 16. Nh3 Nd4 17. Qd1 Bb7 18. Nf4 Rad8 19. Nh5 Nxh5 20. Qxh5 Nc2 21. Bd2 Nxa1 22. Rxa1 d4 23. f3 Qf7 24. Qxf7+ Kxf7 25. g4 g5 26. Ng3 Bxg3 27. hxg3 e5 28. Kf2 Kg6 29. Ke2 Rf8 30. Rh1 Rf7 31. Rf1 a6 32. Rf2 b5 33. Ba5 Rdf8 34. Bb6 Rc8 35. Kd2 Rc6 36. Ba5 Rcf6 37. Ke2 Bc6 38. Bb6 bxc4 39. bxc4 Rb7 40. Bxc5 Rb2+ 41. Ke1 Rxf2 42. Kxf2 Ba4 43. a3 Bc2 44. Ke2 Rc6 45. Bb4 h5 46. f4 Rb6 47. c5 Rb8 48. Be4+ Kf6 49. gxh5 gxf4 50. gxf4 exf4 51. c6 Ke6 52. c7 Rc8 53. Ba5 Ba4 54. Kf3 Bd1+ 55. Kxf4 Bxh5 56. Bb7 Rxc7 57. Bxc7 Bg6 58. Bxa6 Kd5 59. Be5 Kc6 60. Bg7 Kd5 61. Bc4+ Kc6 62. Ke5 Be8 63. Kxd4 Kc7 64. Be5+ Kc6 65. Kc3 Kb6 66. d4 Bc6 67. Kb4 Be8 68. a4 Bd7 69. a5+ Ka7 70. Kc5 Bc8 71. Bc7 Ka8 72. Bb6 Kb7 73. Bd5+ Ka6 74. Bc4+ Kb7 75. a6+ Kb8 76. a7+ Ka8 77. d5 Bb7 78. d6 Bc6 79. d7 Bxd7 80. Bd5+ Bc6 81. Bxc6# 1-0

[Event "January 9 Late 2024"]
[Site "https://www.chess.com"]
[Date "2024.01.09"]
[Round "5"]
[White "Oliveira, Tiago Batista"]
[Black "Korol, Dimitry"]
[Result "0-1"]
[Board "191"]
[TimeControl "180+1"]
[WhiteFideId "2108291"]
[BlackFideId "14108003"]
[WhiteElo "2034"]
[BlackElo "2339"]
[WhiteTeam "BRA"]
[BlackTeam "UKR"]
[WhiteClock "0:00:00"]
[BlackClock "0:00:01"]

1. d4 Nf6 2. c4 c5 3. d5 b5 4. cxb5 a6 5. bxa6 g6 6. g3 Bxa6 7. Bg2 d6 8. Nf3 Bg7 9. O-O O-O 10. Nc3 Nbd7 11. Qc2 Qa5 12. Rb1 Rfb8 13. Rd1 Ng4 14. Bg5 Kf8 15. Qe4 Ndf6 16. Qf4 h6 17. Bxf6 Nxf6 18. h4 Rb4 19. Qd2 Rab8 20. b3 Nd7 21. e4 Kg8 22. Bh3 Ne5 23. Nxe5 Bxe5 24. Ne2 Qa3 25. Bg2 h5 26. Nf4 c4 27. Ne2 cxb3 28. axb3 Rxb3 29. Nd4 Rxb1 30. Nc6 Rxd1+ 31. Qxd1 Ra8 32. Nxe7+ Kg7 33. f4 Bf6 34. Nc6 Qb2 35. Qe1 Bb5 36. e5 dxe5 37. fxe5 Bd8 38. e6 Bxc6 39. e7 Bxe7 40. dxc6 Bf6 41. c7 Rc8 42. Qa5 Qd4+ 0-1

[Event "January 9 Late 2024"]
[Site "https://www.chess.com"]
[Date "2024.01.09"]
[Round "5"]
[White "Fareh, Youness"]
[Black "Melamed, Daniel"]
[Result "0-1"]
[Board "192"]
[TimeControl "180+1"]
[WhiteFideId "9000526"]
[BlackFideId "3229076"]
[WhiteElo "2043"]
[BlackElo "2334"]
[WhiteTeam "MAR"]
[BlackTeam "AUS"]
[WhiteClock "0:00:15"]
[BlackClock "0:00:35"]

1. Nf3 Nf6 2. c4 e6 3. Nc3 d5 4. cxd5 exd5 5. d4 c6 6. g3 Be7 7. Bg2 O-O 8. O-O Bf5 9. Ne5 Nbd7 10. f4 Ne4 11. Nxe4 Bxe4 12. Bxe4 dxe4 13. Qc2 Nf6 14. e3 Rc8 15. Bd2 c5 16. Bc3 cxd4 17. exd4 Qd5 18. Qa4 b5 19. Qxa7 Rfe8 20. a3 Bd6 21. Rad1 Rc7 22. Qb6 h5 23. h4 Rec8 24. Rfe1 Rxc3 25. bxc3 Rxc3 26. Qd8+ Kh7 27. Nxf7 Rxg3+ 28. Kh2 Bxf4 29. Qh8+ Kg6 30. Ne5+ Bxe5 31. dxe5 Qxe5 32. Rg1 Ng4+ 33. Kh1 Rh3+ 34. Kg2 Qh2+ 35. Kf1 Qf2# 0-1

[Event "January 9 Late 2024"]
[Site "https://www.chess.com"]
[Date "2024.01.09"]
[Round "5"]
[White "Nicula, Marius"]
[Black "Kekic, Armin"]
[Result "1-0"]
[Board "193"]
[TimeControl "180+1"]
[WhiteFideId "1203096"]
[BlackFideId "14401274"]
[WhiteElo "2013"]
[BlackElo "2333"]
[WhiteTeam "CAN"]
[BlackTeam "BIH"]
[WhiteClock "0:00:37"]
[BlackClock "0:00:00"]

1. e4 c5 2. Nf3 e6 3. d4 cxd4 4. Nxd4 Nc6 5. Nxc6 dxc6 6. Qxd8+ Kxd8 7. Bf4 f6 8. Nd2 e5 9. Be3 Be6 10. O-O-O Kc7 11. Bc4 Bxc4 12. Nxc4 b5 13. Na5 Bb4 14. Nb3 Ne7 15. c3 Bd6 16. Nc5 Bxc5 17. Bxc5 Ng6 18. g3 Rhd8 19. Rxd8 Rxd8 20. Rd1 Rxd1+ 21. Kxd1 a6 22. Ke2 Kd7 23. Ke3 Nh8 24. Bf8 Nf7 25. Bxg7 Ke6 26. f4 Nd6 27. b3 exf4+ 28. gxf4 f5 29. e5 Ne4 30. c4 Nc3 31. Kd4 Nxa2 32. Kc5 Nc1 33. Kxc6 Nxb3 34. cxb5 Nd4+ 35. Kc5 Nxb5 36. Kb6 h5 37. Kxa6 Nd4 38. Kb6 Nf3 39. h3 Ng1 40. h4 Ne2 41. Bh6 Ng1 42. Kc5 Nf3 43. Bg5 Nd2 44. Kd4 1-0

[Event "January 9 Late 2024"]
[Site "https://www.chess.com"]
[Date "2024.01.09"]
[Round "5"]
[White "Burke, Paul"]
[Black "Lemos, Dawton Almino"]
[Result "0-1"]
[Board "194"]
[TimeControl "180+1"]
[WhiteFideId "2605767"]
[BlackFideId "2146797"]
[WhiteElo "1884"]
[BlackElo "2319"]
[WhiteTeam "CAN"]
[BlackTeam "BRA"]
[WhiteClock "0:00:00"]
[BlackClock "0:00:12"]

1. e4 e6 2. d4 d5 3. e5 c5 4. Qg4 h5 5. Qg3 cxd4 6. Nf3 Nc6 7. Bd3 Nh6 8. O-O Nf5 9. Bxf5 exf5 10. Bf4 Be6 11. h4 g6 12. c3 dxc3 13. Nxc3 Bg7 14. Ng5 Qd7 15. Rad1 Rd8 16. Rfe1 O-O 17. Nf3 Rfe8 18. Bg5 Rc8 19. Bf6 Bf8 20. Ng5 d4 21. Ne2 Bxa2 22. Nf4 Bg7 23. Bxg7 Kxg7 24. Nxh5+ Kf8 25. Nf6 Qe7 26. Nxe8 Rxe8 27. f4 Kg7 28. h5 Rh8 29. hxg6 fxg6 30. e6 Qc5 31. Rd3 Bc4 32. Red1 Bxd3 33. Rxd3 Qc1+ 34. Kf2 Qxb2+ 0-1